BR (22 & UNDER)
INDIAN HILLS VOODOO @ MONROE MALLARDS
09/22/2029
 
TOP OF THE 1ST
Indian Hills Voodoo batting - Pitching for Monroe Mallards : RHP Ryan Crow
Pitching: RHP Ryan Crow
Batting: SHB Cisco Oliva 0-0: Foul Ball, location: 2F
0-1: Foul Ball, location: 2F
0-2: Strikes out looking
Batting: RHB Jon Bush 0-0: Called Strike
0-1: Ball
1-1: Called Strike
1-2: SINGLE (Line Drive, 4MD)
Batting: RHB César Heredia 0-0: Ball
1-0: Called Strike
1-1: Foul Ball, location: 2F
1-2: SINGLE (Flyball, 7LS)
Jon Bush to second
Batting: RHB William Knisley 0-0: Fly out, F3 (Popup, 3SF)
Batting: RHB Dave McGuire 0-0: Called Strike
0-1: Ball
Wild Pitch!
Jon Bush to third
César Heredia to second
1-1: Swinging Strike
1-2: Strikes out looking
Top of the 1st over - 0 runs, 2 hits, 0 errors, 2 left on base; Indian Hills 0 - Monroe 0
BOTTOM OF THE 1ST
Monroe Mallards batting - Pitching for Indian Hills Voodoo : RHP Miguel Muñóz
Pitching: RHP Miguel Muñóz
Batting: RHB Benito Bo 0-0: Ball
1-0: Called Strike
1-1: SINGLE (Line Drive, 4M)
Batting: RHB Dave Sawyer 0-0: Ball
1-0: Ball
2-0: Fielders Choice at 2nd, 4-6 (Groundball, 4)
Batting: LHB Allen Boyd 0-0: Ball
1-0: Foul Ball, location: 2F
1-1: Swinging Strike
1-2: Foul Ball, location: 2F
1-2: Foul Ball, location: 2F
1-2: Ball
2-2: Ball
3-2: Ground out 4-3 (Groundball, 4)
Dave Sawyer to second
Batting: LHB Lino Baena 0-0: Ground out 6-3 (Groundball, 6)
Bottom of the 1st over - 0 runs, 1 hit, 0 errors, 1 left on base; Indian Hills 0 - Monroe 0
TOP OF THE 2ND
Indian Hills Voodoo batting - Pitching for Monroe Mallards : RHP Ryan Crow
Batting: RHB Greg Williams 0-0: Called Strike
0-1: Ball
1-1: Ball
2-1: Called Strike
2-2: Strikes out looking
Batting: RHB José Núñez 0-0: Called Strike
0-1: Ball
1-1: Ball
2-1: Swinging Strike
2-2: Ground out 6-3 (Groundball, 6)
Batting: LHB José Castillo 0-0: Ground out 6-3 (Groundball, 6M)
Top of the 2nd over - 0 runs, 0 hits, 0 errors, 0 left on base; Indian Hills 0 - Monroe 0
BOTTOM OF THE 2ND
Monroe Mallards batting - Pitching for Indian Hills Voodoo : RHP Miguel Muñóz
Batting: RHB Jorge Vázquez 0-0: Called Strike
0-1: Swinging Strike
0-2: Ball
1-2: Strikes out looking
Batting: LHB Ramón Ortega 0-0: Ground out 4-3 (Groundball, 4)
Batting: RHB Roberto Sánchez 0-0: Called Strike
0-1: Ball
1-1: Ball
2-1: Fly out, F9 (Flyball, 9LS)
Bottom of the 2nd over - 0 runs, 0 hits, 0 errors, 0 left on base; Indian Hills 0 - Monroe 0
TOP OF THE 3RD
Indian Hills Voodoo batting - Pitching for Monroe Mallards : RHP Ryan Crow
Batting: RHB Alejandro Dalumba 0-0: Foul Ball, location: 2F
0-1: Ball
1-1: SINGLE (Flyball, 89M)
Batting: SHB Cisco Oliva 0-0: Reached on error, E4 (Groundball, 4)
Alejandro Dalumba to second
Batting: RHB Jon Bush 0-0: Called Strike
0-1: Ball
1-1: Hit by Pitch
Alejandro Dalumba to third
Cisco Oliva to second
Batting: RHB César Heredia 0-0: Called Strike
0-1: Ball
1-1: Ball
2-1: Ball
3-1: Called Strike
3-2: Base on Balls
Alejandro Dalumba scores
Cisco Oliva to third
Jon Bush to second
Batting: RHB William Knisley 0-0: Ball
1-0: Ball
2-0: Ball
3-0: Base on Balls
Cisco Oliva scores
Jon Bush to third
César Heredia to second
Batting: RHB Dave McGuire 0-0: Ball
1-0: Foul Ball, location: 2F
1-1: Ball
2-1: Foul Ball, location: 2F
2-2: Ball
3-2: Ground out U3 (Groundball, 34S)
Jon Bush scores
César Heredia to third
William Knisley to second
Batting: RHB Greg Williams 0-0: Called Strike
0-1: Foul Ball, location: 2F
0-2: Foul Ball, location: 2F
0-2: Strikes out swinging
Batting: RHB José Núñez 0-0: Called Strike
0-1: Ball
1-1: Ball
2-1: Ground out 5-3 (Groundball, 5)
Top of the 3rd over - 3 runs, 1 hit, 1 error, 2 left on base; Indian Hills 3 - Monroe 0
BOTTOM OF THE 3RD
Monroe Mallards batting - Pitching for Indian Hills Voodoo : RHP Miguel Muñóz
Batting: RHB Simon Plante 0-0: SINGLE (Groundball, 34S) (infield hit)
Batting: RHB Héctor Vega 0-0: Ball
1-0: Ball
2-0: Foul Ball, location: 2F
2-1: Ball
3-1: Ground out 6-3 (Groundball, 6S)
Simon Plante to second
Batting: RHB Benito Bo 0-0: Called Strike
0-1: Ball
1-1: DOUBLE (Line Drive, 7LM)
Simon Plante scores
Batting: RHB Dave Sawyer 0-0: Swinging Strike
0-1: Ball
1-1: Swinging Strike
1-2: Ball
2-2: Ground out 5-3 (Groundball, 56)
Batting: LHB Allen Boyd 0-0: Ball
1-0: Foul Ball, location: 2F
1-1: Called Strike
1-2: Ground out 6-3 (Groundball, 6)
Bottom of the 3rd over - 1 run, 2 hits, 0 errors, 1 left on base; Indian Hills 3 - Monroe 1
TOP OF THE 4TH
Indian Hills Voodoo batting - Pitching for Monroe Mallards : RHP Ryan Crow
Batting: LHB José Castillo 0-0: Fly out, F8 (Flyball, 8RS)
Batting: RHB Alejandro Dalumba 0-0: Ball
1-0: Called Strike
1-1: Ball
2-1: Ball
3-1: Base on Balls
Batting: SHB Cisco Oliva 0-0: Called Strike
0-1: Fly out, F7 (Flyball, 78M)
Batting: RHB Jon Bush 0-0: Fly out, F9 (Flyball, 9)
Top of the 4th over - 0 runs, 0 hits, 0 errors, 1 left on base; Indian Hills 3 - Monroe 1
BOTTOM OF THE 4TH
Monroe Mallards batting - Pitching for Indian Hills Voodoo : RHP Miguel Muñóz
Batting: LHB Lino Baena 0-0: Foul Ball, location: 2F
0-1: Called Strike
0-2: Ball
1-2: Strikes out swinging
Batting: RHB Jorge Vázquez 0-0: Called Strike
0-1: Foul Ball, location: 2F
0-2: SINGLE (Groundball, 56D)
Batting: LHB Ramón Ortega 0-0: Ball
1-0: Swinging Strike
1-1: Swinging Strike
1-2: Strikes out looking
Jorge Vázquez steals 2nd base
Batter strikes out.
Batting: RHB Roberto Sánchez 0-0: Ball
1-0: Ball
2-0: Called Strike
2-1: Ball
3-1: Swinging Strike
3-2: Base on Balls
Batting: RHB Simon Plante 0-0: Ball
1-0: Called Strike
1-1: Ball
2-1: Fly out, F9 (Line Drive, 9)
Bottom of the 4th over - 0 runs, 1 hit, 0 errors, 2 left on base; Indian Hills 3 - Monroe 1
TOP OF THE 5TH
Indian Hills Voodoo batting - Pitching for Monroe Mallards : RHP Ryan Crow
Batting: RHB César Heredia 0-0: Ball
1-0: Ball
2-0: Foul Ball, location: 2F
2-1: Ground out 6-3 (Groundball, 6)
Batting: RHB William Knisley 0-0: Called Strike
0-1: SOLO HOME RUN (Line Drive, 7D), Distance : 376 ft
Pitching: LHP Roberto Mercado
Batting: RHB Dave McGuire 0-0: Ball
1-0: SINGLE (Groundball, 4D)
Batting: RHB Greg Williams 0-0: Called Strike
0-1: Called Strike
0-2: Foul Ball, location: 2F
0-2: Strikes out swinging
Batting: RHB José Núñez 0-0: Fly out, F8 (Flyball, 78M)
Top of the 5th over - 1 run, 2 hits, 0 errors, 1 left on base; Indian Hills 4 - Monroe 1
BOTTOM OF THE 5TH
Monroe Mallards batting - Pitching for Indian Hills Voodoo : RHP Miguel Muñóz
Batting: RHB Héctor Vega 0-0: Fly out, F6 (Line Drive, 6)
Batting: RHB Benito Bo 0-0: Called Strike
0-1: SINGLE (Line Drive, 4D)
Batting: RHB Dave Sawyer 0-0: Called Strike
0-1: Ball
1-1: SINGLE (Line Drive, 4D)
Benito Bo to second
Batting: LHB Allen Boyd 0-0: Ball
1-0: Foul Ball, location: 2F
1-1: Ball
2-1: Grounds into double play, 6-4-3 (Groundball, 6)
Bottom of the 5th over - 0 runs, 2 hits, 0 errors, 1 left on base; Indian Hills 4 - Monroe 1
TOP OF THE 6TH
Indian Hills Voodoo batting - Pitching for Monroe Mallards : LHP Roberto Mercado
Batting: LHB José Castillo 0-0: Ball
1-0: Foul Ball, location: 2F
1-1: SINGLE (Flyball, 7S)
Batting: RHB Alejandro Dalumba 0-0: Called Strike
0-1: Fly out, F7 (Flyball, 7D)
Batting: SHB Cisco Oliva 0-0: Called Strike
0-1: Ball
1-1: Ball
2-1: Called Strike
2-2: Foul Ball, location: 2F
2-2: Fly out, F5 (Line Drive, 5)
Batting: RHB Jon Bush 0-0: SINGLE (Line Drive, 7)
José Castillo to second
Batting: RHB César Heredia 0-0: Called Strike
0-1: Swinging Strike
0-2: Ball
1-2: Strikes out swinging
Top of the 6th over - 0 runs, 2 hits, 0 errors, 2 left on base; Indian Hills 4 - Monroe 1
BOTTOM OF THE 6TH
Monroe Mallards batting - Pitching for Indian Hills Voodoo : RHP Miguel Muñóz
Batting: LHB Lino Baena 0-0: Fly out, F8 (Flyball, 8RD)
Batting: RHB Jorge Vázquez 0-0: Swinging Strike
0-1: Ground out 6-3 (Groundball, 6M)
Batting: LHB Ramón Ortega 0-0: SINGLE (Line Drive, 9S)
Pitching: RHP Michael MacDonald
Batting: RHB Roberto Sánchez 0-0: Ball
1-0: Foul Ball, location: 2F
1-1: Fly out, F8 (Flyball, 8RD)
Bottom of the 6th over - 0 runs, 1 hit, 0 errors, 1 left on base; Indian Hills 4 - Monroe 1
TOP OF THE 7TH
Indian Hills Voodoo batting - Pitching for Monroe Mallards : LHP Roberto Mercado
Batting: RHB William Knisley 0-0: Ball
1-0: Swinging Strike
1-1: Swinging Strike
1-2: Strikes out swinging
Batting: RHB Dave McGuire 0-0: Ball
1-0: SINGLE (Line Drive, 3)
Batting: RHB Greg Williams 0-0: Called Strike
0-1: Ball
1-1: Foul Ball, location: 2F
1-2: Ball
2-2: Grounds into double play, 4-6-3 (Groundball, 4)
Top of the 7th over - 0 runs, 1 hit, 0 errors, 0 left on base; Indian Hills 4 - Monroe 1
BOTTOM OF THE 7TH
Monroe Mallards batting - Pitching for Indian Hills Voodoo : RHP Michael MacDonald
Batting: RHB Simon Plante 0-0: Ball
1-0: Ball
2-0: Ball
3-0: Called Strike
3-1: Base on Balls
Batting: RHB Héctor Vega 0-0: Called Strike
0-1: Grounds into double play, 3-6-3 (Groundball, 3)
Batting: RHB Benito Bo 0-0: Ball
1-0: Called Strike
1-1: Foul Ball, location: 2F
1-2: Foul Ball, location: 2F
1-2: Strikes out swinging
Bottom of the 7th over - 0 runs, 0 hits, 0 errors, 0 left on base; Indian Hills 4 - Monroe 1
TOP OF THE 8TH
Indian Hills Voodoo batting - Pitching for Monroe Mallards : LHP Roberto Mercado
Batting: RHB José Núñez 0-0: SINGLE (Groundball, 15S) (infield hit)
Batting: LHB José Castillo 0-0: Ball
1-0: Fly out, F9 (Line Drive, 9)
Batting: RHB Alejandro Dalumba Pickoff Throw to First - Out!
0-0: Ball
1-0: Foul Ball, location: 2F
1-1: Ball
2-1: SOLO HOME RUN (Flyball, 7LD), Distance : 342 ft
Batting: SHB Cisco Oliva 0-0: Called Strike
0-1: Ground out 4-3 (Groundball, 4)
Top of the 8th over - 1 run, 2 hits, 0 errors, 0 left on base; Indian Hills 5 - Monroe 1
BOTTOM OF THE 8TH
Monroe Mallards batting - Pitching for Indian Hills Voodoo : RHP Michael MacDonald
Batting: RHB Dave Sawyer 0-0: Called Strike
0-1: Ball
1-1: Ball
2-1: Fly out, F9 (Flyball, 89M)
Batting: LHB Allen Boyd 0-0: Swinging Strike
0-1: Ball
1-1: Swinging Strike
1-2: Ball
2-2: Foul Ball, location: 2F
2-2: Ball
3-2: Foul Ball, location: 2F
3-2: SINGLE (Line Drive, 34D)
Batting: LHB Lino Baena 0-0: Swinging Strike
0-1: Called Strike
0-2: Strikes out looking
Batting: RHB Jorge Vázquez 0-0: Ball
1-0: Ball
2-0: Fly out, F7 (Line Drive, 78M)
Bottom of the 8th over - 0 runs, 1 hit, 0 errors, 1 left on base; Indian Hills 5 - Monroe 1
TOP OF THE 9TH
Indian Hills Voodoo batting - Pitching for Monroe Mallards : LHP Roberto Mercado
Batting: RHB Jon Bush 0-0: Ball
1-0: Ball
2-0: Swinging Strike
2-1: Foul Ball, location: 2F
2-2: Ball
3-2: Strikes out swinging
Batting: RHB César Heredia 0-0: Ball
1-0: Called Strike
1-1: Ball
2-1: Ball
3-1: Foul Ball, location: 2F
3-2: Base on Balls
Batting: RHB William Knisley 0-0: Ball
1-0: Ball
2-0: Grounds into double play, 6-4-3 (Groundball, 6)
Top of the 9th over - 0 runs, 0 hits, 0 errors, 0 left on base; Indian Hills 5 - Monroe 1
BOTTOM OF THE 9TH
Monroe Mallards batting - Pitching for Indian Hills Voodoo : RHP Michael MacDonald
Batting: LHB Ramón Ortega 0-0: DOUBLE (Groundball, 3L)
Batting: RHB Roberto Sánchez 0-0: Ball
1-0: Ground out 5-3 (Groundball, 56)
Batting: RHB Simon Plante 0-0: Ground out 6-3 (Groundball, 6)
Batting: RHB Héctor Vega 0-0: Called Strike
0-1: Ball
1-1: SINGLE (Flyball, 8LS)
Ramón Ortega to third
Batting: RHB Benito Bo 0-0: Foul Ball, location: 2F
0-1: 3-RUN HOME RUN (Flyball, 7LD), Distance : 347 ft
Pitching: RHP Luis Manuel Marshall
Batting: RHB Dave Sawyer 0-0: Ground out 5-3 (Groundball, 56)
Bottom of the 9th over - 3 runs, 3 hits, 0 errors, 0 left on base; Indian Hills 5 - Monroe 4
Saturday, December 16th, 2017 - OOTP Baseball 18.8 Build 76